AoeStats
← KarlSheppy5860

Arena

505233080Analyzed
1v1 RM · 25d ago on Sep 8, 2026· 55m 49s· 2 players
Game mode
Random Map
Map size
Tiny (2 player)
Population
200
Speed
Normal
Resources
Standard
Victory
Conquest
Starting age
Dark Age
Ending age
Imperial Age
RankedLock teamsTeams togetherTeam positionsShared explorationLock speedFull tech treeHidden civsTurbo modeCheats
Victory
Defeat
🇬🇧 Hindustanis · United Kingdom
408
+14
🇪🇸 Huns · Spain
369
-14
GREMBLIN
11:37 Feudal Age
13:13 Double-Bit Axe
13:13 Horse Collar
22:30 Castle Age
20:37 Gold Mining
24:05 Bow Saw
23:53 Stone Mining
24:44 Gold Shaft Mining
24:40 Heavy Plow
28:34 Wheelbarrow
29:03 Wheelbarrow
32:09 Hand Cart
31:40 Town Watch
33:05 Sanctity
35:31 Imperial Age
32:48 Loom
33:58 Ballistics
33:50 Masonry
33:55 Forging
33:51 Scale Barding Armor
33:37 Fletching
33:48 Padded Archer Armor
33:49 Scale Mail Armor
34:39 Thumb Ring
34:48 Bloodlines
34:39 Husbandry
36:03 Chain Barding Armor
36:19 Iron Casting
37:32 Chemistry
37:10 Elite Tarkan
37:59 Bodkin Arrow
39:07 Town Patrol
40:10 Two-Man Saw
39:56 Conscription
40:42 Blast Furnace
40:23 Plate Barding Armor
39:18 Elite Skirmisher
41:31 Light Cavalry
42:15 Squires
42:00 Arson
41:36 Pikeman
42:36 Bracer
42:54 Chain Mail Armor
42:55 Leather Archer Armor
42:33 Sappers
46:05 Capped Ram
47:05 Hussar
49:52 Halberdier
49:59 Siege Ram
KarlSheppy5860
12:15 Feudal Age
18:51 Horse Collar
19:05 Double-Bit Axe
21:33 Castle Age
19:19 Loom
20:16 Gold Mining
20:17 Stone Mining
23:02 Heavy Plow
23:19 Bow Saw
30:40 Imperial Age
29:18 Pikeman
29:59 Squires
29:46 Arson
30:45 Gold Shaft Mining
35:49 Wheelbarrow
35:00 Town Watch
39:01 Elite Ghulam
40:41 Shatagni
41:27 Hand Cart
41:13 Town Patrol
43:48 Chemistry
43:08 Ballistics
44:45 Grand Trunk Road
44:48 Siege Elephant
Connection lost

Rejoining the realm…

Still unreachable

The connection could not be restored.

Session expired

The server has moved on; the page needs a fresh start.